 Dungeon Crawl Stone Soup version 0.24.0-37-gcf1ca852f1 (webtiles) character file.

Game seed: 9029321630821483736, levelgen mode: deterministic

3082 Delamore the Severer (level 9, 0/70 HPs)
             Began as a Hill Orc Fighter on Nov 26, 2019.
             Was an Initiate of Okawaru.
             Succumbed to a water moccasin's poison
             ... on level 7 of the Dungeon.
             The game lasted 00:09:55 (9434 turns).

Delamore the Severer (Hill Orc Fighter)             Turns: 9434, Time: 00:09:55

Health: 0/70       AC:  9    Str: 22    XL:     9   Next: 89%
Magic:  9/9        EV:  7    Int:  8    God:    Okawaru [......]
Gold:   324        SH:  9    Dex: 12    Spells: 8/8 levels left

rFire    . . .     SeeInvis .   a - +0 war axe
rCold    + . .     Gourm    .   c - +0 shield
rNeg     . . .     Faith    +   b - +0 scale mail
rPois    .         Spirit   .   (no helmet)
rElec    .         Reflect  .   (no cloak)
rCorr    .         Harm     .   (no gloves)
MR       .....                  t - +1 pair of boots
Stlth    ..........             r - amulet of faith
HPRegen  0.21/turn              e - +2 ring of dexterity
MPRegen  0.11/turn              k - ring of protection from cold

@: lethally poisoned (0 -> -11)
A: no striking features
a: Renounce Religion


You were on level 7 of the Dungeon.
You worshipped Okawaru.
Okawaru was noncommittal.
You were not hungry.

You visited 2 branches of the dungeon, and saw 9 of its levels.
You also visited: Sewer.

You collected 324 gold pieces.

Inventory:

Hand Weapons
 a - a +0 war axe (weapon)
Missiles
 n - a javelin (quivered)
Armour
 b - a +0 scale mail (worn)
 c - a +0 shield (worn)
 t - a +1 pair of boots (worn)
Jewellery
 e - a +2 ring of dexterity (left hand)
 k - a ring of protection from cold (right hand)
 o - an uncursed ring of protection from cold
 r - an amulet of faith (around neck)
Wands
 m - a wand of polymorph (12)
 B - a wand of random effects (11)
Scrolls
 g - 3 scrolls of enchant weapon
 h - a scroll of noise
 j - 2 scrolls of identify
 q - 2 scrolls of remove curse
 s - a scroll of enchant armour
 u - 3 scrolls of immolation
 v - 5 scrolls of blinking
 w - 2 scrolls of fog
 x - 2 scrolls of fear {unknown}
 y - 3 scrolls of magic mapping {unknown}
 C - 2 scrolls of teleportation
Potions
 d - 2 potions of might
 i - 4 potions of brilliance
 l - a potion of resistance
 p - a potion of flight
 z - 4 potions of magic
 A - a potion of haste
Comestibles
 f - 14 rations


   Skills:
 - Level 3.6 Fighting
 + Level 16.4 Axes
 - Level 3.2 Armour
 - Level 3.2 Shields


You had 8 spell levels left.
You didn't know any spells.
Your spell library was empty.

Dungeon Overview and Level Annotations

Branches:
Dungeon (8/15)             Temple (1/1) D:7           Sewer (visited)
   Lair: D:8-11

Altars:
Ashenzari
Cheibriados
Dithmenos
Elyvilon
Fedhas
Gozag
Hepliaklqana
Makhleb
Nemelex Xobeh
Okawaru
Qazlal
Sif Muna
Trog
Uskayaw
Vehumet
Wu Jian
Xom
Yredelemnul
Zin
The Shining One

Annotations:
D:4 1 runed translucent door, Crazy Yiuf


Message History

The water moccasin poisons you!
You slash the water moccasin!
You kill the water moccasin!
Okawaru accepts your kill.
* * * LOW HITPOINT WARNING * * *
You feel sick.
* * * LOW HITPOINT WARNING * * *
You feel sick.
There is a lethal amount of poison in your body!
Okay, then.
Okay, then.
* * * LOW HITPOINT WARNING * * *
You feel sick.
* * * LOW HITPOINT WARNING * * *
You feel sick.
* * * LOW HITPOINT WARNING * * *
You feel sick.
* * * LOW HITPOINT WARNING * * *
You feel sick.
You die...

#.......# ######.# #########
#.......####......###...#####
#...................'........
#.................###........
#.......####.####.# #.....###
######'## #.# #.# #.....###
#.# #.# #.# #........ #.# #.#
#.# #........ #.#####@####.#
####.....
##########>...........#
#.....
.......##.....####...####
#.....
.......##.######≈≈≈≈≈≈≈≈#
#..... .......##.# ###..[####
#..... .......##.# ####...#
#.....
.......##.###########.#.##
##....
.........................#
#.#..
######....###########.#..#
#.#.#


There were no monsters in sight!

Vanquished Creatures
  Sigmund (D:4)
  A water moccasin (D:7)
  An ice beast (D:7)
  A black bear (D:6)
  A sky beast (D:7)
  4 ogres
  An orc warrior (D:7)
  A centaur (D:5)
  4 bullfrogs
  2 scorpions
  5 killer bees
  2 electric eels (D:7)
  2 howler monkeys (D:7)
  2 bullfrog zombies
  3 crimson imps
  A quasit (D:7)
  2 bullfrog skeletons
  4 jellies
  3 orc priests
  2 hounds
  4 orc wizards
  A centaur skeleton (D:4)
  Ijyb (D:3)
  2 iguanas
  Natasha (twice) (D:3)
  6 worker ants
  A killer bee zombie (D:7)
  A worker ant zombie (D:8)
  11 adders
  4 gnolls (D:2)
  A howler monkey skeleton (D:6)
  5 river rats (Sewer)
  A shadow imp (D:7)
  8 oozes
  An adder zombie (D:8)
  2 adder skeletons (D:4)
  5 worms
  A dart slug (D:3)
  3 leopard geckos
  15 orcs
  5 giant cockroaches
  5 goblins
  8 hobgoblins
  2 jackals (D:4)
  3 quokkas
  18 ball pythons
  5 bats
  9 frilled lizards
  7 kobolds
  34 rats
214 creatures vanquished.

Notes
Turn   | Place    | Note
-------+----------+-------------------------------------------
     0 | D:1      | Delamore the Hill Orc Fighter began the quest for the Orb.
     0 | D:1      | Reached XP level 1. HP: 19/19 MP: 1/1
    43 | D:1      | Reached skill level 3 in Axes
   118 | D:1      | Reached XP level 2. HP: 26/26 MP: 2/2
   168 | D:1      | Reached skill level 4 in Axes
   231 | D:1      | Reached XP level 3. HP: 24/31 MP: 3/3
   859 | D:2      | Reached skill level 5 in Axes
   871 | D:2      | Found an opulent altar of Gozag.
   872 | D:2      | Found a sparkling altar of Nemelex Xobeh.
  1069 | D:2      | Reached XP level 4. HP: 39/39 MP: 4/4
  1079 | D:2      | Reached skill level 6 in Axes
  1578 | D:2      | Reached XP level 5. HP: 42/45 MP: 5/5
  1637 | D:2      | Reached skill level 7 in Axes
  2052 | D:3      | Noticed Ijyb
  2089 | D:3      | Killed Ijyb
  2145 | D:3      | Noticed Natasha
  2150 | D:3      | Killed Natasha
  2150 | D:3      | Reached skill level 8 in Axes
  2174 | D:3      | Reached XP level 6. HP: 22/51 MP: 6/6
  2281 | D:3      | Found a snail-covered altar of Cheibriados.
  2397 | D:3      | Noticed Natasha
  2407 | D:3      | Killed Natasha
  2926 | D:4      | Reached skill level 9 in Axes
  3173 | D:4      | Reached XP level 7. HP: 52/57 MP: 7/7
  3475 | D:4      | Noticed Sigmund
  3629 | D:4      | Killed Sigmund
  3629 | D:4      | Reached skill level 10 in Axes
  3770 | D:4      | Found a runed translucent door.
  3771 | D:4      | Noticed Crazy Yiuf
  3826 | D:4      | Found a burning altar of Makhleb.
  3826 | D:4      | Noticed a cacodemon
  3912 | D:4      | Reached skill level 11 in Axes
  4368 | D:5      | Entered Level 5 of the Dungeon
  4484 | D:5      | Reached XP level 8. HP: 37/64 MP: 8/8
  4782 | D:5      | Reached skill level 12 in Axes
  4868 | D:5      | Found a shimmering blue altar of Sif Muna.
  4869 | D:5      | Found a radiant altar of Vehumet.
  4870 | D:5      | Found a bloodstained altar of Trog.
  4963 | D:6      | Found a glowing drain.
  4974 | Sewer    | Entered a sewer
  5612 | D:6      | Reached skill level 13 in Axes
  6071 | D:6      | Reached skill level 14 in Axes
  6071 | D:6      | Reached XP level 9. HP: 61/70 MP: 9/9
  6755 | D:6      | HP: 3/70 [poisoned by a killer bee]
  6757 | D:6      | HP: 1/70 [poisoned by a killer bee]
  6997 | D:6      | Reached skill level 15 in Axes
  8271 | D:7      | Found a staircase to the Ecumenical Temple.
  8306 | Temple   | Entered the Ecumenical Temple
  8318 | Temple   | Became a worshipper of Warmaster Okawaru
  8569 | D:7      | Found a shimmering altar of Xom.
  9016 | D:7      | Reached skill level 16 in Axes
  9432 | D:7      | HP: 3/70 [poisoned by a water moccasin]
  9433 | D:7      | HP: 1/70 [poisoned by a water moccasin]
  9434 | D:7      | Succumbed to a water moccasin's poison

Levels and vault maps discovered:
D:1:      nicolae_arrival_washed_ashore, layout_loops_ring, serial_forest,
          infiniplex_forest_clump_diagonal, infiniplex_forest_clump_curved,
          infiniplex_forest_clump_tiny, infiniplex_forest_straight_2
D:2:      layout_basic, grunt_temple_overflow_opulence
D:3:      layout_basic, lemuel_crystal_altar, uniq_natasha, uniq_ijyb
D:4:      layout_basic, makhleb_altar_promises_db, first_ration,
          uniq_crazy_yiuf_cottage, uniq_sigmund
D:5:      layout_basic, chequers_temple_overflow_statue_of_worship
D:6:      layout_basic, portal_sewer_entry_e
D:7:      statuecave_lemuel, layout_basic, minmay_temple_entry_enclosed_plants,
          basic_altar, chequers_serial_rivers_micro_a
D:8:      layout_basic, nicolae_overflow_hidden_temple,
          lemuel_mausoleum_altar_kikubaaqudgha, serial_rivers,
          chequers_serial_rivers_marsh, chequers_serial_rivers_small_a,
          chequers_serial_rivers_room_a, chequers_serial_rivers_large_a,
          chequers_serial_rivers_micro_b, hangedman_little_slice_of_home,
          glass_columns_b, minivault_23, uniq_pikel, uniq_prince_ribbit1
Temple:   dshaligram_water_room_temple

Skill      XL: |  1  2  3  4  5  6  7  8  9 |
---------------+----------------------------+-----
Axes           | 3 4 5 6 8 9 11 14 16 | 16.4
Fighting       | |  3.6
Armour         | |  3.2
Shields        | |  3.2

Action                   |  1- 3 |  4- 6 |  7- 9 || total
-------------------------+-------+-------+-------++-------
Melee: War axe           |    97 |   157 |   459 ||   713
Throw: Javelin           |       |       |     7 ||     7
  Use: Scroll            |       |       |     9 ||     9
       Potion            |       |       |     7 ||     7
  Eat: Chunk             |     1 |     7 |    14 ||    22
       Ration            |       |       |     2 ||     2
Armor: Scale mail        |    38 |    55 |   172 ||   265
Dodge: Dodged            |    19 |    45 |   122 ||   186
Block: Shield            |    60 |    60 |   190 ||   310
